[Event "*** Titled Tuesday Blitz"]
[Site "Chess.com"]
[Date "2021.03.02"]
[Round "9"]
[White "Goryachkina"]
[Black "ViditYT"]
[Result "1/2-1/2"]
[WhiteElo "2700"]
[BlackElo "2944"]
[TimeControl "180+1"]
[EndTime "11:47:49 PST"]
[Termination "Game drawn by repetition"]

1. Nf3 c5 2. c4 b6 3. Nc3 Bb7 4.
e4 e6 5. d4 cxd4 6. Nxd4 d6 7.
Be2 Ba6 8. O-O Bb7 9. Be3 a6 10. Qd2 Nf6 11. f3 Nbd7 12. Rfd1 Be7 13. Rac1 O-O 14.
b4 Rc8 15. a3 Qc7 16. Kh1 Qb8 17. Nb3 Rfe8 18. Bf4 Ne5 19. Bxe5 dxe5 20. Qe3 Bc6 21. c5 b5 22. Na5 Ba8 23. a4 bxa4 24. Rb1 Rcd8 25.
Rxd8 Rxd8 26. Nxa4 Rd4 27. Nb6 Bd8 28. Nac4 Bc6 29. Rd1 Rxd1+ 30. Bxd1 h6 31. Qd2 Bc7 32. Be2 Bb5 33. Bd3 Bxb6 34. cxb6 Bxc4 35. Bxc4 Qxb6 36. Qc3 Nd7 37. h3 Qd6 38. Qa3 Nb8 39. Kh2 Qb6 40. Qa4 Nc6 41. Bxa6 Nxb4 42. Qe8+ Kh7 43. Bc8 Kg6 44.
h4 h5 45. Qe7 Nc6 46. Qg5+ Kh7 47. Qxh5+ Kg8 48. Bxe6 fxe6 49. Qe8+ Kh7 50. Qh5+ Kg8 51. Qe8+ Kh7 52. Qh5+ Kg8 1/2-1/2

[Event "*** Titled Tuesday Blitz"]
[Site "Chess.com"]
[Date "2021.03.02"]
[Round "9"]
[White "ChessQueen"]
[Black "atwalcb"]
[Result "1-0"]
[WhiteElo "2732"]
[BlackElo "2562"]
[TimeControl "180+1"]
[EndTime "11:47:49 PST"]
[Termination "ChessQueen won on time"]

1. e4 d6 2. d4 Nf6 3. Nc3 Nbd7 4.
Nf3 e5 5. Bc4 Be7 6. O-O O-O 7.
Re1 a6 8. a4 b6 9. Nd5 Bb7 10. Nxe7+ Qxe7 11. d5 Nc5 12. Nd2 a5 13. c3 c6 14. b4 axb4 15. cxb4 cxd5 16. bxc5 dxc4 17. cxd6 Qe6 18. Qc2 Rfc8 19. Ba3 c3 20.
Nf3 Rc4 21. Ng5 Qd7 22. Qb3 Qxa4 23. Qxb6 Qc6 24. Qxc6 Bxc6 25. Rec1 Bxe4 26. Nxe4 Nxe4 27. d7 Rd4 28. Be7 Rxa1 29. Rxa1 f5 30. d8=Q+ Rxd8 31. Bxd8 Kf7 32. f3 Nc5 33. Rc1 Ne6 34. Ba5 Nd4 35.
Kf2 Nb3 36. Rxc3 Nxa5 37. Rc5 Nb3 38. Rxe5 Kf6 39. Rd5 Na1 40. Rc5 Nb3 41. Rc4 Nd2 42. Rc6+ Ke5 43. g3 f4 44. Rc7 fxg3+ 45. hxg3 Kf6 46.
Rc3 Nb1 47. Rd3 h5 48. Ke2 g5 49. Kd1 h4 50. gxh4 gxh4 51. Rb3 1-0

[Event "*** Titled Tuesday Blitz"]
[Site "Chess.com"]
[Date "2021.03.02"]
[Round "9"]
[White "Murad_Ibrahimli"]
[Black "FGHSMN"]
[Result "0-1"]
[WhiteElo "2840"]
[BlackElo "2688"]
[TimeControl "180+1"]
[EndTime "11:47:50 PST"]
[Termination "FGHSMN won by resignation"]

1. Nf3 Nf6 2. g3 b6 3. Bg2 Bb7 4. c4 c5 5. O-O e6 6. Nc3 Be7 7. d4 cxd4 8. Qxd4 d6 9. Bg5 a6 10. Rad1 Nbd7 11. b3 O-O 12. Nh4 Bxg2 13. Nxg2 Qc7 14.
e4 Rac8 15. Rc1 h6 16. Bd2 Ne5 17. Qe3 Qb7 18. a4 Rfe8 19. Qe2 Nc6 20. Be3 Nd7 21.
Rfd1 Nc5 22. Rb1 Bf6 23. Rdc1 Nb4 24. f3 Ncd3 25. Rd1 Bxc3 26. Rxd3 Nxd3 27. Qxd3 Bb4 28.
Kh1 Rcd8 29. Nf4 Bc5 30. g4 Bxe3 31. Qxe3 b5 32. axb5 axb5 33. Rg1 bxc4 34. bxc4 Qe7 35. Nh5 f6 36. f4 Qf7 37. Qf3 d5 38. e5 fxe5 39.
f5 dxc4 40. f6 g6 41. Ng7 Rf8 42. g5 hxg5 43. Nh5 Rb8 44. Rxg5 Rb1+ 45. Kg2 Rb2+ 46. Kh3 Rb3 0-1

[Event "*** Titled Tuesday Blitz"]
[Site "Chess.com"]
[Date "2021.03.02"]
[Round "9"]
[White "NTBT_DHS"]
[Black "DLR7"]
[Result "1-0"]
[WhiteElo "2774"]
[BlackElo "2632"]
[TimeControl "180+1"]
[EndTime "11:47:50 PST"]
[Termination "NTBT_DHS won by resignation"]

1. d4 Nf6 2. c4 e6 3. Nf3 Bb4+ 4. Bd2 a5 5. g3 d5 6. Bg2 O-O 7. O-O dxc4 8. Qc2 Bxd2 9. Nbxd2 b5 10. a4 c6 11.
Rfd1 Nd5 12. Ne4 Nd7 13. Ne5 Bb7 14. Nxd7 Qxd7 15. Nc5 Qe7 16. e4 Nb4 17. Qc3 Rfd8 18. h4 e5 19. Nxb7 Qxb7 20. dxe5 Rd3 21. Rxd3 cxd3 22.
axb5 Qxb5 23. Bf1 Rd8 24. Rd1 c5 25. b3 a4 26. bxa4 Qxa4 27. Ra1 Qc2 28. Qa3 d2 29. Be2 Qxe4 30. Qa5 Nc6 31. Qa6 Nd4 32. Bd1 Nf3+ 33. Kf1 Nh2+ 34. Kg1 Nf3+ 35. Kf1 Nxe5 36. Kg1 Nf3+ 37.
Kf1 Ne5 38. Kg1 c4 39. Qb6 Rf8 40. Qb4 Qd4 41. Ra2 Rd8 42. Qe7 h6 43. Rc2 c3 44.
Qc7 Rd7 45. Qc8+ Kh7 46. Rxc3 Qxc3 47. Qxc3 g6 48. Qxe5 1-0

[Event "*** Titled Tuesday Blitz"]
[Site "Chess.com"]
[Date "2021.03.02"]
[Round "9"]
[White "Sjakkerntobi"]
[Black "profofchess"]
[Result "0-1"]
[WhiteElo "2338"]
[BlackElo "2477"]
[TimeControl "180+1"]
[EndTime "11:47:50 PST"]
[Termination "profofchess won by checkmate"]

1. e4 e6 2. d4 d5 3. Nd2 e5 4.
dxe5 dxe4 5. Nxe4 Qxd1+ 6. Kxd1 Nc6 7. Bf4 Nge7 8. Bb5 Bf5 9. Ng3 O-O-O+ 10. Ke1 Bxc2 11. Rc1 Nd4 12. N1e2 Nxb5 13. Rxc2 Ng6 14. Bg5 Bb4+ 15. Nc3 Rde8 16. Bd2 Rxe5+ 17. Kd1 Nxc3+ 18. Bxc3 Rd8+ 19. Rd2 Rxd2+ 20. Kxd2 Bxc3+ 21. bxc3 Ra5 22. Ra1 Ne5 23. Ne4 Kd7 24. h3 f5 25. Ng5 h6 26.
Nf3 Nxf3+ 27. gxf3 Ra4 28. Kd3 b5 29. Ke3 Kd6 30.
Rd1+ Kc6 31. Rd2 Rh4 32. Rd8 Rxh3 33. Rf8 Rh5 34. Rf7 Rg5 35. f4 Rg1 36. Rxf5 Ra1 37. Rf7 Rg1 38. Kd4 h5 39. Rf5 h4 40. Rh5 Rh1 41. Ke5 h3 42. f5 h2 43. Kf4 a5 44. Kg3 b4 45. cxb4 axb4 46. Kg2 Ra1 47. Rxh2 Rxa2 48. Rh7 b3 49. Rh3 Ra3 50. Rc3+ Kd6 51.
Rd3+ Ke7 52. Rd2 c5 53. f3 c4 54. Kg3 c3 55. Rd3 b2 56. Re3+ Kf7 57. Rd3 b1=Q 58. Rd7+ Kf6 59. Rd6+ Kxf5 60. Rd5+ Ke6 61. Rg5 Qg1+ 62.
Kf4 Qxg5+ 63. Kxg5 c2 64. f4 c1=Q 65. Kg6 Qxf4 66.
Kh7 g5 67. Kg8 Qf7+ 68. Kh8 Ra8# 0-1

[Event "*** Titled Tuesday Blitz"]
[Site "Chess.com"]
[Date "2021.03.02"]
[Round "9"]
[White "rasmussvane"]
[Black "Lovkov_Roman"]
[Result "1-0"]
[WhiteElo "2958"]
[BlackElo "2719"]
[TimeControl "180+1"]
[EndTime "11:47:51 PST"]
[Termination "rasmussvane won by resignation"]

1. Nf3 d5 2. g3 e6 3. Bg2 Nf6 4. O-O c5 5. c4 Be7 6. cxd5 exd5 7. d4 cxd4 8. Nxd4 O-O 9. Nc3 Nc6 10. Bf4 Qb6 11. Nb3 Rd8 12. Rc1 Bf5 13. Na4 Qb5 14. Nac5 Rac8 15. Re1 h6 16. Nd3 Ne4 17. Be3 d4 18.
Bf4 a5 19. Nd2 Nxd2 20. Bxd2 a4 21. b3 a3 22. Rc4 Be6 23. Rc2 Nb4 24. Bxb4 Bxb4 25.
Nxb4 Qxb4 26. Qd2 Rc3 27. Rxc3 Qxc3 28. Rd1 Rc8 29. Bxb7 Rc7 30. Be4 f5 31. Bf3 Qxd2 32.
Rxd2 Rc1+ 33. Kg2 Ra1 34. Bc6 Kf7 35. Bb5 Kf6 36. f4 g5 37. Bc4 Bc8 38. b4 Bb7+ 39. Kf2 Rb1 40. Bb3 Rb2 41. Rxd4 gxf4 42. gxf4 Be4 43. b5 Kg7 44. b6 Bc6 45. b7 Rxb3 46. axb3 a2 47. b8=Q a1=Q 48. Qe5+ Kg6 49. Rd6+ 1-0

[Event "*** Titled Tuesday Blitz"]
[Site "Chess.com"]
[Date "2021.03.02"]
[Round "9"]
[White "GelmanAlexander"]
[Black "13MiRacLe"]
[Result "1-0"]
[WhiteElo "2580"]
[BlackElo "2729"]
[TimeControl "180+1"]
[EndTime "11:47:51 PST"]
[Termination "GelmanAlexander won on time"]

1. d4 Nf6 2. Nc3 d5 3. Bf4 g6 4. e3 Bg7 5. h4 c6 6. Nf3 h5 7.
Ne5 Nbd7 8. Qd2 Nxe5 9. Bxe5 O-O 10. O-O-O Nd7 11. Bxg7 Kxg7 12. f3 Nf6 13. e4 dxe4 14.
fxe4 Bg4 15. Be2 Bxe2 16. Qxe2 Qa5 17. Kb1 e5 18. d5 Rad8 19. Rh3 cxd5 20. exd5 Rfe8 21.
Rhd3 e4 22. Rd4 e3 23. d6 Rd7 24. a3 Qe5 25. R1d3 Re6 26. Nd1 Ng4 27. Rd5 Qf6 28.
Nxe3 Nxe3 29. Rxe3 Rexd6 30. Rxd6 Rxd6 31. Rf3 Qd4 32. Qe7 Qd1+ 33. Ka2 Qd5+ 34. b3 Rc6 35. Qe2 a5 36. a4 Rd6 37. Rd3 Qc5 38. Re3 Rc6 39.
Kb1 Qd4 40. Rd3 Qxh4 41. Qe5+ Qf6 42. Qxa5 Re6 43. Qd2 h4 44. Rf3 Qe5 45. Qb4 b6 46.
Qxh4 1-0

[Event "*** Titled Tuesday Blitz"]
[Site "Chess.com"]
[Date "2021.03.02"]
[Round "9"]
[White "krzyzan94"]
[Black "serhanberat_ozdemir"]
[Result "0-1"]
[WhiteElo "2711"]
[BlackElo "2570"]
[TimeControl "180+1"]
[EndTime "11:47:51 PST"]
[Termination "serhanberat_ozdemir won on time"]

1. e4 c5 2. Nf3 e6 3. g3 d5 4. exd5 exd5 5. Bb5+ Nc6 6. O-O Nf6 7. d4 Be7 8. dxc5 O-O 9. a3 Bg4 10. Be2 Bxc5 11.
b4 Bb6 12. Nc3 Bh3 13. Bg5 Bxf1 14. Bxf1 h6 15. Bxf6 Qxf6 16. Nxd5 Qd6 17. c4 Rad8 18. Bg2 a5 19. Qb3 axb4 20. Nxb6 Nd4 21. Qxb4 Nxf3+ 22. Bxf3 Qf6 23. Rb1 Qxf3 24. Nd5 Rfe8 25. Qxb7 Qxa3 26. Kg2 Qc5 27. Qb5 Qd4 28. Rf1 Rc8 29. Nb6 Re5 30. Qb1 Rb8 31. c5 Qxc5 32. Rc1 Qxb6 33. Rc8+ Rxc8 34.
Qxb6 Rec5 35. Qd6 R5c6 36. Qd3 g6 37. h4 h5 38. Qe3 Rc3 39. Qf4 R8c4 40. Qf6 Rc6 41.
Qd8+ Kg7 42. Qd4+ Kg8 43. Qd8+ Kg7 44. Qd4+ Kh7 45. Qf4 Rc7 46. Qf6 Rc2 47. Kh3 Rd7 0-1

[Event "*** Titled Tuesday Blitz"]
[Site "Chess.com"]
[Date "2021.03.02"]
[Round "9"]
[White "howitzer14"]
[Black "Msb2"]
[Result "1-0"]
[WhiteElo "3014"]
[BlackElo "2891"]
[TimeControl "180+1"]
[EndTime "11:47:52 PST"]
[Termination "howitzer14 won by resignation"]

1. e3 d5 2. Nf3 Nf6 3. c4 c6 4. Nc3 e6 5. b3 Bd6 6. Qc2 O-O 7. Bb2 e5 8. cxd5 cxd5 9. Nb5 Nc6 10. Nxd6 Qxd6 11.
d4 Nb4 12. Qd1 e4 13. Ne5 Ne8 14. a3 Na6 15. h3 f6 16. Ng4 h5 17. Nh2 g6 18.
Be2 f5 19. Qd2 Bd7 20. O-O-O Nec7 21. Kb1 Bb5 22. Rc1 Rac8 23. f3 Bxe2 24. Qxe2 Ne6 25. Rxc8 Rxc8 26. g4 hxg4 27. hxg4 f4 28. fxe4 dxe4 29.
Nf1 f3 30. Qe1 Qc7 31. d5 Ng7 32. Qh4 Qc2+ 33. Ka2 Rc3 34. Qd8+ Kf7 35. Qd7+ Kg8 36. Qd8+ Kf7 37. Qd7+ Kg8 38. Qxb7 Nc5 39. Qb8+ Kf7 40.
Qxa7+ Kg8 41. Qb8+ Kf7 42. Rh7 Nxb3 43. Qb7+ Rc7 44.
Rxg7+ Kf8 45. Qxb3 Qxb3+ 46. Kxb3 1-0

[Event "*** Titled Tuesday Blitz"]
[Site "Chess.com"]
[Date "2021.03.02"]
[Round "9"]
[White "Frogo47"]
[Black "Szparu"]
[Result "0-1"]
[WhiteElo "2525"]
[BlackElo "2650"]
[TimeControl "180+1"]
[EndTime "11:47:53 PST"]
[Termination "Szparu won by resignation"]

1. e4 c5 2. Nf3 Nc6 3. Bb5 g6 4. O-O Bg7 5. Re1 e5 6. c3 Nge7 7. Na3 O-O 8. Nc2 Qb6 9. a4 d6 10. h3 h6 11. d4 exd4 12. cxd4 cxd4 13. Bf4 Rd8 14. Qd2 g5 15. Bg3 a6 16. Bd3 Qxb2 17.
e5 Nf5 18. Bh2 Qc3 19. Qd1 Be6 20. g4 Nfe7 21. exd6 Nd5 22. Qe2 Ndb4 23. Nxb4 Nxb4 24. Rad1 Nxd3 25. Qxd3 Bb3 26. Rd2 Bxa4 27. Nxd4 Qxd3 28. Rxd3 Bd7 29. Nf5 Bxf5 30. gxf5 Rd7 31. Re7 Rad8 32. Rxd7 Rxd7 33. Re3 Kf8 34. Bg3 Bd4 35. Rd3 Bc5 36.
Kf1 b5 37. Rd5 Bb4 38. Ke2 f6 39. Kd3 Ke8 40. f3 Rb7 41. Ke4 Kd7 42. Rd1 Rb8 43. Kd5 Rc8 44. Rd3 Rc5+ 45. Kd4 Rxf5 46. Ke4 Rc5 47.
Rd1 f5+ 48. Kd3 f4 49. Bf2 Rd5+ 50. Ke2 Rxd1 51. Kxd1 Bxd6 0-1

[Event "*** Titled Tuesday Blitz"]
[Site "Chess.com"]
[Date "2021.03.02"]
[Round "9"]
[White "TimKett"]
[Black "ARTHURMOTIVATOR"]
[Result "1/2-1/2"]
[WhiteElo "2181"]
[BlackElo "2317"]
[TimeControl "180+1"]
[EndTime "11:47:55 PST"]
[Termination "Game drawn - insufficient material"]

1. e4 e5 2. f4 d5 3. exd5 e4 4. d3 Nf6 5. dxe4 Nxe4 6. Nf3 Bc5 7. Qe2 f5 8. Nc3 Bb4 9. Bd2 Bxc3 10. Bxc3 O-O 11.
O-O-O Nxc3 12. bxc3 Qd6 13. Ne5 Qa3+ 14. Kb1 Qxc3 15.
Qc4 Qxc4 16. Bxc4 Kh8 17. d6 cxd6 18. Nf7+ Kg8 19. Nxd6+ Kh8 20. Nxc8 Rxc8 21. Be6 Rf8 22. Bxf5 Na6 23. Bd3 Rxf4 24. Bxa6 bxa6 25. Rhf1 Rb8+ 26. Kc1 Ra4 27. Rf7 Rxa2 28. Rdd7 Rc8 29. Rc7 Rg8 30.
Rxa7 Ra1+ 31. Kd2 Rh1 32. h3 Rg1 33. Rf2 Ra1 34. Raf7 h6 35. Rf8 Rxf8 36. Rxf8+ Kh7 37. c4 Ra2+ 38. Kd3 Rxg2 39. c5 Rg3+ 40. Kd4 Rxh3 41. c6 Rh4+ 42. Kd5 Rh1 43. c7 Rd1+ 44. Ke4 Re1+ 45.
Kd3 Rc1 46. c8=Q Rxc8 47. Rxc8 Kg6 48. Ke4 Kg5 49. Rc5+ Kg4 50. Rc7 g5 51. Rc6 h5 52.
Rxa6 h4 53. Ra1 h3 54. Rg1+ Kh4 55. Kf3 h2 56. Rh1 Kh3 57. Rxh2+ Kxh2 58. Kg4 Kg2 59.
Kxg5 1/2-1/2

[Event "*** Titled Tuesday Blitz"]
[Site "Chess.com"]
[Date "2021.03.02"]
[Round "9"]
[White "Natalya_Buksa"]
[Black "TheBigBoss04"]
[Result "0-1"]
[WhiteElo "2523"]
[BlackElo "2758"]
[TimeControl "180+1"]
[EndTime "11:47:56 PST"]
[Termination "TheBigBoss04 won by checkmate"]

1. d4 Nf6 2. Nc3 d5 3. Bf4 a6 4.
e3 Bg4 5. Be2 Bxe2 6. Ngxe2 e6 7.
O-O c5 8. dxc5 Bxc5 9. Na4 Be7 10. Qd3 Nc6 11. c4 O-O 12. b3 Nb4 13. Qd1 dxc4 14.
bxc4 Rc8 15. Qb3 Qd3 16. Qxd3 Nxd3 17. Nb6 Rc6 18. Rab1 Nb4 19. Na4 Rxc4 20. Nac3 b5 21. Be5 Nc6 22. Bg3 Nh5 23. Rfd1 Nxg3 24. hxg3 Bf6 25.
Rb3 Rc8 26. Nb1 g5 27. a3 Rc2 28. Kf1 Kg7 29. g4 Ne5 30. f3 Nc4 31. Ng3 Be5 32.
Ne4 h6 33. Nbd2 Nb2 34. Rb1 f5 35. Nd6 R8c6 36. Ne8+ Kf7 37. gxf5 Kxe8 38. Ne4 exf5 39. Nf2 Bg3 40. Nd1 Nxd1 41. Rxd1 Rf2+ 42. Kg1 Rcc2 43. Rbd3 Rxg2+ 44. Kh1 Rh2+ 45. Kg1 Kf7 46. Rd7+ Kg6 47.
Ra7 Rcg2+ 48. Kf1 Rf2+ 49. Kg1 Rd2 50. Rxa6+ Kh5 51. Ra7 Rxd1# 0-1

[Event "*** Titled Tuesday Blitz"]
[Site "Chess.com"]
[Date "2021.03.02"]
[Round "9"]
[White "Chernov_Mikhail"]
[Black "Bayernbk"]
[Result "1-0"]
[WhiteElo "2383"]
[BlackElo "2544"]
[TimeControl "180+1"]
[EndTime "11:47:56 PST"]
[Termination "Chernov_Mikhail won on time"]

1. e4 d5 2. exd5 Nf6 3. Nc3 Bg4 4. Be2 Bxe2 5. Ngxe2 Nxd5 6. O-O e6 7. d4 Be7 8. Ne4 O-O 9. c4 Nf6 10. N2c3 Nbd7 11.
Qf3 c6 12. Bf4 Nxe4 13. Nxe4 Nf6 14. Rad1 Qd7 15. Be5 Nxe4 16. Qxe4 Rfd8 17. Rd3 Bd6 18. Rfd1 Qe7 19. h4 Bxe5 20. dxe5 Rxd3 21. Rxd3 Rd8 22. h5 Rxd3 23. Qxd3 g6 24. h6 Qg5 25. g3 Qxh6 26. Qd8+ Kg7 27. Qf6+ Kg8 28. Qd8+ Qf8 29. Qd7 g5 30. Qxb7 Qc5 31. b3 Qxe5 32. Qxc6 Qa1+ 33. Kg2 Qxa2 34. Qb5 Qd2 35. Qb8+ Kg7 36. Qxa7 Qc3 37. Qb6 g4 38. Qe3 Qxe3 39. fxe3 Kf6 40. b4 Ke5 41. b5 f5 42. b6 Kd6 43. c5+ Kc6 44.
Kf2 h5 45. e4 fxe4 46. Ke3 1-0

[Event "*** Titled Tuesday Blitz"]
[Site "Chess.com"]
[Date "2021.03.02"]
[Round "9"]
[White "Kapibara_Warri0r"]
[Black "The_filthy"]
[Result "1/2-1/2"]
[WhiteElo "2227"]
[BlackElo "2333"]
[TimeControl "180+1"]
[EndTime "11:47:57 PST"]
[Termination "Game drawn by repetition"]

1. d4 d5 2. c4 c6 3. cxd5 cxd5 4.
Bf4 Nc6 5. e3 Nf6 6. Bd3 g6 7.
Ne2 Bg7 8. Nbc3 O-O 9. O-O Nh5 10. Rc1 Nxf4 11. Nxf4 e6 12. Bb1 a6 13. Na4 Bd7 14. Nc5 Rb8 15. a3 Na5 16. b3 Qe7 17. Ba2 Rfc8 18.
b4 Nc6 19. Bxd5 exd5 20. Nxd5 Qd8 21. Nxd7 Qxd7 22. Nb6 Qd8 23. Nxc8 Rxc8 24. d5 Ne5 25. Rxc8 Qxc8 26. Qc1 Nc4 27. a4 b5 28. axb5 axb5 29. Rd1 Be5 30. e4 Qg4 31. Qc2 h5 32. g3 h4 33. Re1 hxg3 34. hxg3 Bd4 35. Kg2 Ne5 36. Qe2 Qd7 37. Rd1 Bb6 38. d6 g5 39. Qh5 f6 40. f4 Nc4 41. Qg6+ Kf8 42. Qxf6+ Kg8 43. Qxg5+ Kf8 44. Qf6+ Kg8 45. Rd3 Qg4 46.
d7 Qe2+ 47. Kh3 Qxd3 48. Qg6+ Kf8 49. Qf6+ Kg8 50. Qe6+ Kg7 51. Qe7+ Kg8 52. Qe6+ Kg7 53. Qe7+ Kg8 54. Qe6+ 1/2-1/2

[Event "*** Titled Tuesday Blitz"]
[Site "Chess.com"]
[Date "2021.03.02"]
[Round "9"]
[White "igorcadilhac"]
[Black "Caracternin123"]
[Result "1-0"]
[WhiteElo "2447"]
[BlackElo "2596"]
[TimeControl "180+1"]
[EndTime "11:47:58 PST"]
[Termination "igorcadilhac won by resignation"]

1. e4 e5 2. Nf3 Nf6 3. Nxe5 d6 4.
Nf3 Nxe4 5. Nc3 Nxc3 6. dxc3 Be7 7. Be3 Nc6 8. Qd2 Be6 9. O-O-O Qd7 10. Nd4 Nxd4 11.
cxd4 d5 12. h4 O-O 13. Bd3 a5 14. h5 a4 15. h6 g6 16. Bg5 f6 17. Bf4 b5 18. Rde1 c6 19. Qe3 Kf7 20. Re2 Bd6 21.
Rhe1 Rae8 22. Qg3 Bb4 23. c3 Ba5 24. Bd6 Rg8 25. Bc5 Bc7 26. f4 Bf5 27. Re7+ Rxe7 28. Rxe7+ Qxe7 29. Bxe7 Bxd3 30. Qxd3 Bxf4+ 31. Kc2 Kxe7 32. Qe2+ Kd6 33. Qg4 Bxh6 34. Qh4 Bg5 35. Qh2+ Ke6 36. Qxh7 Re8 37. Qxg6 Re7 38. g4 Kd7 39. Qf5+ Kd6 40. Qf2 Re3 41. Qh2+ Kd7 42. Kd1 Rd3+ 43. Ke1 a3 44.
Qh7+ Kd6 45. Qxd3 axb2 46. Qc2 Bc1 47. Ke2 Ke6 48. Kf3 Kd6 49. Qf5 Kc7 50. Kg3 b4 51. cxb4 Kb6 52. Qc2 Kb5 53. Qc5+ Ka6 54. Qxc6+ Ka7 55.
Qc5+ Kb8 56. Qc2 Kb7 57. Qb3 Kb6 58. Kh4 Kb5 59. Kh5 Kb6 60. Kg6 Kb5 61. Kxf6 Kb6 62.
g5 Kb5 63. g6 Kb6 64. g7 Kb5 65. g8=Q Kc6 66. Qe8+ Kd6 67. Qe7+ Kc6 68. Qe6+ 1-0

[Event "*** Titled Tuesday Blitz"]
[Site "Chess.com"]
[Date "2021.03.02"]
[Round "9"]
[White "annamaja"]
[Black "NateSolon"]
[Result "0-1"]
[WhiteElo "2391"]
[BlackElo "2601"]
[TimeControl "180+1"]
[EndTime "11:47:58 PST"]
[Termination "NateSolon won on time"]

1. e4 c5 2. Nf3 d6 3. d4 cxd4 4. Nxd4 Nf6 5. Nc3 a6 6. Be2 e5 7.
Nb3 Be7 8. O-O O-O 9. Kh1 Be6 10.
f4 b5 11. f5 Bc4 12. Qe1 Nc6 13. Be3 Nb4 14. Rc1 Rc8 15. Bxc4 Rxc4 16. Nd2 Rxc3 17.
bxc3 Nxa2 18. Ra1 Nxc3 19. Bg1 Qa8 20. Rf3 Ncxe4 21. Nxe4 Qxe4 22. Qxe4 Nxe4 23. Rxa6 Rc8 24. Re3 Nf6 25. Re2 Nd5 26. Ra7 Bf8 27. Rb7 b4 28.
Rd2 Nc3 29. Rxb4 d5 30. Rb7 d4 31. h3 Ne4 32. Rd1 Rxc2 33. Re1 Nd6 34. Rb8 f6 35. g4 h5 36. Rf1 Ne4 37. Bh2 Nf2+ 38. Kg1 Nxh3+ 39. Kh1 hxg4 40. Ra1 Nf2+ 41. Kg1 Nh3+ 42.
Kh1 Nf2+ 43. Kg2 Ne4+ 44. Kg1 g3 45. Bxg3 Nxg3 46. Ra7 Nxf5 47. Raa8 Kh7 48. Rxf8 Kg6 49. Rfe8 d3 50. Rad8 d2 51. Rd6 Nd4 0-1

[Event "*** Titled Tuesday Blitz"]
[Site "Chess.com"]
[Date "2021.03.02"]
[Round "9"]
[White "BanjoKazooieN64"]
[Black "Piotrek1979"]
[Result "1-0"]
[WhiteElo "2531"]
[BlackElo "2365"]
[TimeControl "180+1"]
[EndTime "11:47:58 PST"]
[Termination "BanjoKazooieN64 won by checkmate"]

1. e4 c5 2. d4 cxd4 3. c3 d3 4. Bxd3 Nc6 5. Nf3 g6 6. O-O Bg7 7. Bc4 d6 8. Bg5 Nf6 9. Nbd2 O-O 10. Re1 Qc7 11. Bb3 b6 12. Nf1 Bb7 13. Ng3 Rfd8 14.
Qd2 Na5 15. Rad1 Nxb3 16. axb3 b5 17. Qf4 a5 18. h4 a4 19. bxa4 Rxa4 20. h5 Ra2 21. Qc1 Ng4 22. Nd4 Qc5 23. Bxe7 Rd7 24.
Bg5 Be5 25. Bf4 b4 26. cxb4 Qxc1 27. Bxc1 Ra4 28. Nc2 Ba6 29. Nf1 Rc7 30. Nfe3 Nxe3 31. Nxe3 Bb7 32. Bd2 Rc2 33. Bc3 Bxc3 34. bxc3 Rxc3 35.
Rxd6 Kg7 36. Rb6 Bxe4 37. Ng4 Bf5 38. h6+ Kf8 39. Nf6 Rc8 40. Rb7 Ra6 41. Nxh7+ Kg8 42. Ng5 Kh8 43. Nxf7+ Kg8 44. Ng5 Rf6 45. Rg7+ Kh8 46.
Ree7 Rf7 47. Nxf7# 1-0

[Event "*** Titled Tuesday Blitz"]
[Site "Chess.com"]
[Date "2021.03.02"]
[Round "9"]
[White "MendozaDavid2000"]
[Black "ecwinslow"]
[Result "1-0"]
[WhiteElo "2332"]
[BlackElo "2232"]
[TimeControl "180+1"]
[EndTime "11:47:58 PST"]
[Termination "MendozaDavid2000 won on time"]

1. d4 Nf6 2. c4 e6 3. Nc3 c5 4.
d5 exd5 5. cxd5 d6 6. g3 g6 7.
Bg2 Bg7 8. Nf3 O-O 9. Nd2 a6 10. a4 Nbd7 11. Nc4 Nb6 12. Qb3 Nxc4 13. Qxc4 b5 14. Qh4 b4 15. Nd1 Ng4 16. Bg5 f6 17. Bd2 f5 18. Qxd8 Rxd8 19. Rc1 Re8 20. b3 a5 21. h3 Ba6 22. Ne3 Nxe3 23. Bxe3 Bd4 24. Bxd4 cxd4 25. Bf3 Rac8 26. Rc6 Rxc6 27. dxc6 Bxe2 28.
Bxe2 d3 29. Kd2 dxe2 30. c7 Kf7 31. Rc1 Rc8 32. Kxe2 Ke6 33. Rc6 Kd7 34. Ra6 Rxc7 35. Rxa5 Rc2+ 36. Ke1 Rc3 37. Ra7+ Kc6 38. Rxh7 Rxb3 39.
a5 Ra3 40. Ra7 b3 41. g4 fxg4 42. hxg4 b2 43. Ra6+ Kc5 44. Rb6 Ra1+ 45. Kd2 b1=Q 46. Rxb1 Rxb1 47. Ke3 Kd5 48. Kf4 Ke6 49. Kg5 Kf7 50. f4 Rb5+ 51. Kh6 Rxa5 52. f5 gxf5 53. g5 1-0

[Event "*** Titled Tuesday Blitz"]
[Site "Chess.com"]
[Date "2021.03.02"]
[Round "9"]
[White "francyIM"]
[Black "ChristopherYoo"]
[Result "1/2-1/2"]
[WhiteElo "2708"]
[BlackElo "2890"]
[TimeControl "180+1"]
[EndTime "11:48:01 PST"]
[Termination "Game drawn by repetition"]

1. Nf3 Nf6 2. g3 e6 3. b3 Be7 4.
Bb2 O-O 5. Bg2 d5 6. O-O b6 7. d3 Bb7 8. Nbd2 Nbd7 9. c4 c5 10. a3 Qc7 11. e3 Rfd8 12. Qe2 Rac8 13. Ne1 Qb8 14. f4 Qa8 15. Nef3 Ng4 16. e4 dxe4 17. dxe4 Bf6 18. e5 Be7 19. Rad1 h5 20. Rfe1 Nb8 21. Nf1 Nc6 22. h3 Nh6 23. Ne3 Na5 24. Rxd8+ Rxd8 25. Nd2 Bxg2 26. Nxg2 Nf5 27. Kh2 Nc6 28. Nf3 h4 29. g4 Nfd4 30. Nxd4 Nxd4 31. Bxd4 Rxd4 32. Rd1 Qd8 33.
Rxd4 Qxd4 34. a4 g5 35. Qe3 Qxe3 36. Nxe3 gxf4 37. Nf1 Kg7 38. Nd2 f6 39. Kg2 f5 40.
Nf3 Kg6 41. Kh2 Bd8 42. Kg2 a6 43. Kh2 Be7 44. Kg2 Kf7 45. Kf2 Ke8 46. Ke2 Kd7 47. Kf2 Kc6 48. gxf5 exf5 49. Ke2 Kd7 50. Kd3 Ke6 51.
Ke2 Bd8 52. Kd3 Bc7 53. Nxh4 Bxe5 54. Nf3 Bf6 55. Kc2 Kf7 56. Kb1 Kg6 57. Ka2 Kf7 58.
Ka3 Ke6 59. a5 bxa5 60. Ka4 Bd8 61. Ka3 Kf6 62. Ka4 Ke6 63. Ka3 Kf6 64. Ka4 Ke6 1/2-1/2

[Event "*** Titled Tuesday Blitz"]
[Site "Chess.com"]
[Date "2021.03.02"]
[Round "9"]
[White "Rytenko_V"]
[Black "Agoking701"]
[Result "1-0"]
[WhiteElo "2368"]
[BlackElo "2236"]
[TimeControl "180+1"]
[EndTime "11:48:01 PST"]
[Termination "Rytenko_V won on time"]

1. d4 Nf6 2. c4 g6 3. Nc3 Bg7 4.
e4 O-O 5. f3 d6 6. Be3 e5 7.
Nge2 exd4 8. Nxd4 c6 9. Be2 Nbd7 10. O-O Re8 11. Qd2 Qc7 12. Rad1 Ne5 13. h3 a6 14. f4 Ned7 15. Bf3 Nc5 16. Qc2 a5 17. Rfe1 Bd7 18. g4 Rad8 19. g5 Nh5 20. Bxh5 gxh5 21. Kh2 Qc8 22. Qg2 Kh8 23. Nb3 Nxb3 24.
axb3 f6 25. Rxd6 fxg5 26. Qxg5 Rg8 27. Qxh5 Be8 28. Rxd8 Qxd8 29. Qf3 Bd7 30. Rg1 Qh4 31.
Qg3 Qh6 32. e5 Bf5 33. Ne2 Be6 34. Qf3 c5 35. Rg3 Bf8 36. Rxg8+ Kxg8 37. Nc3 Bf5 38. Ne4 Qg6 39. Nf6+ Kh8 40. Qg3 Qf7 41. h4 Be7 42. Ng4 h5 43. Nf2 Bg6 44. Kg2 Qf5 45. Nh3 Kh7 46. Nf2 1-0

[Event "*** Titled Tuesday Blitz"]
[Site "Chess.com"]
[Date "2021.03.02"]
[Round "9"]
[White "mirochka"]
[Black "NaciSAN"]
[Result "1-0"]
[WhiteElo "2239"]
[BlackElo "2288"]
[TimeControl "180+1"]
[EndTime "11:48:02 PST"]
[Termination "mirochka won on time"]

1. e4 e5 2. Nf3 Nc6 3. d4 exd4 4. c3 d3 5. Bxd3 Bc5 6. b4 Bb6 7. a4 a6 8. Nbd2 d6 9. Nc4 Ba7 10. Bg5 Nf6 11. b5 axb5 12. axb5 Nb8 13. b6 cxb6 14. Bc2 O-O 15. Qxd6 Qxd6 16. Nxd6 b5 17. Nxb5 Nc6 18. Be3 Bxe3 19. Rxa8 Bc5 20. O-O h6 21. h3 Nh5 22. Nfd4 Nf4 23. Re1 Nxg2 24. Kxg2 Bxh3+ 25. Kxh3 Rxa8 26. Bb3 Re8 27. f3 Ne5 28. Kg2 Nd3 29.
Ra1 Nf4+ 30. Kg3 Ne2+ 31. Nxe2 Kh7 32. Ra5 f5 33. Ra4 b6 34. Rc4 g5 35. Bc2 f4+ 36. Kg4 Kg7 37. e5 Rd8 38. Be4 Rd2 39. Nxf4 gxf4 40.
Kxf4 h5 41. Ra4 h4 42. Ra1 h3 43. Rh1 h2 44. Kg3 Bg1 45. f4 Kf7 46. f5 Rb2 47. Nd6+ Ke7 48. f6+ Kd7 49. Bf5+ Kc6 50. f7 Rb1 51.
f8=Q Rf1 52. Qc8+ 1-0

[Event "*** Titled Tuesday Blitz"]
[Site "Chess.com"]
[Date "2021.03.02"]
[Round "9"]
[White "Legendinunknown"]
[Black "bocah_sakit"]
[Result "1/2-1/2"]
[WhiteElo "2634"]
[BlackElo "2856"]
[TimeControl "180+1"]
[EndTime "11:48:03 PST"]
[Termination "Game drawn by repetition"]

1. d4 Nf6 2. c4 g6 3. Nc3 Bg7 4. e4 d6 5. Nf3 O-O 6. Be2 Nc6 7. d5 Nb8 8. Be3 c6 9. O-O a5 10. Qd2 Na6 11. Nd4 Nc5 12. f3 cxd5 13. cxd5 Bd7 14.
Rac1 a4 15. Bb5 Qa5 16. Bxd7 Nfxd7 17. Ncb5 Qxd2 18. Bxd2 Rfc8 19. Bc3 Nb6 20. Na3 f5 21. Rce1 fxe4 22. fxe4 Nbd7 23. h3 Ne5 24. Re2 Bh6 25. Nf3 Ned3 26. Nb5 Nf4 27. Rc2 Nxe4 28. Re1 Nxc3 29.
Nxc3 Nxd5 30. Rce2 Nxc3 31. bxc3 Bf8 32. Rb1 Ra7 33.
Re3 e5 34. Ng5 Bh6 35. h4 Rc4 36. g3 Rc6 37. Rf3 Bxg5 38. hxg5 b6 39. Rbf1 Kg7 40. Kg2 Rac7 41. Rf8 Rxc3 42. Rd8 Rc2+ 43. Kh3 Rf7 44. Rd1 Rxa2 45. R1xd6 Ra3 46. Re8 Rff3 47. Rd7+ Rf7 48. Rdd8 Rb7 49. Rg8+ Kf7 50. Rge8 Rc7 51. Rxe5 Rcc3 52.
Rd7+ Kf8 53. Rd8+ Kf7 54. Rd7+ Kf8 55. Rd8+ Kf7 1/2-1/2